 Dungeon Crawl Stone Soup version 0.29.0-11-gd7f09526c8 (webtiles) character file.

Game seed: 13952199779214180254

238 brightshaft the Chopper (level 6, -3/53 HPs)
             Began as a Gnoll Cinder Acolyte on Sept 5, 2022.
             Was a High Priest of Ignis.
             Slain by an iguana (11 damage)
             ... on level 4 of the Dungeon.
             The game lasted 00:04:59 (4146 turns).

brightshaft the Chopper (Gnoll Cinder Acolyte)      Turns: 4146, Time: 00:05:00

Health: -3/53      AC:  5    Str: 13    XL:     6   Next: 7%
Magic:  5/20       EV: 11    Int: 16    God:    Ignis [*****.]
Gold:   196        SH:  5    Dex:  7    Spells: 9/11 levels left

rFire   + . .      SeeInvis .   s - +4 quarterstaff (chaos)
rCold   . . .      Faith    .   (shield currently unavailable)
rNeg    . . .      Spirit   .   r - +1 animal skin
rPois   .          Reflect  +   o - +0 helmet
rElec   .          Harm     .   t - +0 cloak
rCorr   .          Rampage  .   (no gloves)
Will    .....                   (no boots)
Stlth   +.........              l - amulet of reflection
HPRegen 0.17/turn               i - ring of magical power
MPRegen 0.17/turn               (no ring)

@: no status effects
A: fangs 1, strong nose, distributed training
a: Renounce Religion, Fiery Armour, Foxfire Swarm, Rising Flame


You were on level 4 of the Dungeon.
You worshipped Ignis.
Ignis was extremely pleased with you.
You visited 1 branch of the dungeon, and saw 4 of its levels.

You collected 196 gold pieces.

Inventory:

Hand Weapons
 a - a -1 hand axe of flaming
 n - a +3 dagger of venom
 s - a +4 quarterstaff of chaos (weapon)
Missiles
 v - 5 poisoned darts
 x - 34 stones
Armour
 g - a +0 ring mail
 o - a +0 helmet (worn)
 r - a +1 animal skin (worn)
 t - a +0 cloak (worn)
Jewellery
 i - a ring of magical power (left hand)
 l - an amulet of reflection (around neck)
Scrolls
 c - 3 scrolls of teleportation {unknown}
 e - 2 scrolls of vulnerability {unknown}
 j - 2 scrolls of summoning {unknown}
 k - 7 scrolls of identify {unknown}
 w - a scroll of blinking {unknown}
 y - a scroll of amnesia {unknown}
 B - a scroll of fear {unknown}
Potions
 b - 2 potions of heal wounds {unknown}
 d - a potion of berserk rage {unknown}
 f - 3 potions of haste {unknown}
 h - a potion of mutation {unknown}
 m - 2 potions of brilliance {unknown}
 p - a potion of ambrosia {unknown}
 q - a potion of might {unknown}
 u - a potion of lignification {unknown}
 z - 2 potions of cancellation {unknown}
 A - a potion of curing {unknown}


   Skills:
 + Level 6.8 Fighting
 + Level 1.8 Short Blades
 + Level 1.8 Long Blades
 + Level 6.8 Axes
 + Level 1.8 Maces & Flails
 + Level 1.8 Polearms
 + Level 1.8 Staves
 + Level 1.8 Ranged Weapons
 + Level 1.8 Throwing
 + Level 1.8 Armour
 + Level 1.8 Dodging
 + Level 1.8 Stealth
 + Level 1.8 Shields
 + Level 1.8 Unarmed Combat
 + Level 3.3 Spellcasting
 + Level 1.4 Conjurations
 + Level 1.4 Hexes
 + Level 1.4 Summonings
 + Level 1.4 Necromancy
 + Level 1.4 Translocations
 + Level 1.4 Transmutations
 + Level 5.6 Fire Magic
 + Level 1.4 Ice Magic
 + Level 1.4 Air Magic
 + Level 1.4 Earth Magic
 + Level 1.4 Poison Magic
 + Level 2.0 Invocations
 + Level 1.8 Evocations


You had 9 spell levels left.
You knew the following spells:

 Your Spells              Type           Power      Damage    Failure   Level
a - Scorch                Fire           40%        2d7       2%          2

Your spell library contained the following spells:

 Spells                   Type           Power      Damage    Failure   Level
 Sandblast                Erth           14%        2d6       10%         1
 Conjure Flame            Conj/Fire      14%        6-21      13%         3
 Passwall                 Tmut/Erth      5%         N/A       16%         2
 Ignite Poison            Fire/Tmut/Pois 11%        N/A       17%         3
 Dazzling Flash           Conj/Hex       14%        N/A       30%         3
 Stone Arrow              Conj/Erth      14%        3d7       30%         3
 Sticky Flame             Conj/Fire      14%        2d4       38%         4
 Agony                    Necr           7%         N/A       95%         5
 Silence                  Hex/Air        3%         N/A       95%         5


Dungeon Overview and Level Annotations

Branches:
Dungeon (4/15)
 Temple: D:4-7

Altars:

Annotations:
D:1 1 transporter


Innate Abilities, Weirdness & Mutations

You have very sharp teeth.
Your uncanny sense of smell can sniff out nearby items.
Your experience applies equally to all skills.


Message History

Flames lash the dart slug.
The dart slug is almost dead.
The dart slug's fire resistance burns away.
An adder comes into view.
An endoplasm comes into view.
The dart slug bites you but does no damage.
Casting: Scorch (safe; 2% risk of failure)
Press: ? - help, Q - select action, (/) - cycle Dir - look around, f - activate Flames lash the dart slug.
The dart slug is burned terribly!
You kill the dart slug!
Casting: Scorch (safe; 2% risk of failure)
Press: ? - help, Q - select action, (/) - cycle Dir - look around, f - activate Flames lash the iguana.
The iguana is heavily wounded.
The iguana's fire resistance burns away.
The iguana is no longer paralysed.
The iguana bites you.
Casting: Scorch (safe; 2% risk of failure)
Press: ? - help, Q - select action, (/) - cycle Dir - look around, f - activate Flames lash the iguana.
The iguana is burned terribly!
The iguana is almost dead.
The iguana bites you!
Casting: Scorch (safe; 2% risk of failure)
Press: ? - help, Q - select action, (/) - cycle Dir - look around, f - activate Flames lash the adder.
The adder is moderately wounded.
The adder's fire resistance burns away.
You block the iguana's attack.
Casting: Scorch (safe; 2% risk of failure)
Press: ? - help, Q - select action, (/) - cycle Dir - look around, f - activate Flames lash the endoplasm.
The endoplasm is heavily wounded.
The endoplasm's fire resistance burns away.
The iguana bites you!
* * * LOW HITPOINT WARNING * * *
The adder bites you.
* * * LOW HITPOINT WARNING * * *
Casting: Scorch (safe; 2% risk of failure)
Press: ? - help, Q - select action, (/) - cycle Dir - look around, f - activate Flames lash the iguana but do no damage.
The adder closely misses you. The iguana bites you!
You die...

####.##.....##
.....####....##
.########.#..<#
#....#..######
####....#.......##
.................#
#######.###......##
∆ #.###.......### ∆
####...@.....!.
#..JSl......
#....8.....8
#...........
#.(.........
#.......>...
#?..........
............


You could see an iguana (combustible), an adder (combustible) and an endoplasm
(combustible).

Vanquished Creatures
  Crazy Yiuf (D:2)
  An orc priest (D:3)
  Robin (D:2)
  4 gnolls
  5 adders
  A worm (D:2)
  3 dart slugs
  4 orcs (D:3)
  6 ball pythons
  5 bats
  5 endoplasms
  4 giant cockroaches
  13 goblins
  5 hobgoblins
  4 jackals (D:3)
  2 quokkas
  2 frilled lizards (D:3)
  6 kobolds
  A rat (D:1)
73 creatures vanquished.

Notes
Turn   | Place    | Note
-------+----------+-------------------------------------------
     0 | D:1      | brightshaft the Gnoll Cinder Acolyte began the quest for
                  | the Orb.
     0 | D:1      | Reached XP level 1. HP: 23/23 MP: 4/4
   386 | D:1      | Reached XP level 2. HP: 5/29 MP: 5/5
   668 | D:1      | Learned a level 2 spell: Scorch
  1126 | D:1      | Reached XP level 3. HP: 35/35 MP: 7/7
  1332 | D:2      | Reached skill level 1 in Invocations
  1414 | D:2      | Reached skill level 1 in Short Blades
  1414 | D:2      | Reached skill level 1 in Long Blades
  1414 | D:2      | Reached skill level 1 in Maces & Flails
  1414 | D:2      | Reached skill level 1 in Polearms
  1414 | D:2      | Reached skill level 1 in Staves
  1414 | D:2      | Reached skill level 1 in Ranged Weapons
  1414 | D:2      | Reached skill level 1 in Throwing
  1414 | D:2      | Reached skill level 1 in Armour
  1414 | D:2      | Reached skill level 1 in Dodging
  1414 | D:2      | Reached skill level 1 in Stealth
  1414 | D:2      | Reached skill level 1 in Shields
  1414 | D:2      | Reached skill level 1 in Unarmed Combat
  1414 | D:2      | Reached skill level 1 in Evocations
  1463 | D:2      | Reached XP level 4. HP: 34/41 MP: 8/8
  1470 | D:2      | Reached skill level 1 in Conjurations
  1470 | D:2      | Reached skill level 1 in Hexes
  1470 | D:2      | Reached skill level 1 in Summonings
  1470 | D:2      | Reached skill level 1 in Necromancy
  1470 | D:2      | Reached skill level 1 in Translocations
  1470 | D:2      | Reached skill level 1 in Transmutations
  1470 | D:2      | Reached skill level 1 in Ice Magic
  1470 | D:2      | Reached skill level 1 in Air Magic
  1470 | D:2      | Reached skill level 1 in Earth Magic
  1470 | D:2      | Reached skill level 1 in Poison Magic
  1681 | D:2      | Noticed Robin
  1716 | D:2      | Killed Robin
  2134 | D:2      | Reached XP level 5. HP: 47/47 MP: 9/9
  2264 | D:2      | Found a faded altar of an unknown god.
  2484 | D:2      | Found a runed translucent door.
  2485 | D:2      | Noticed Crazy Yiuf
  2588 | D:2      | Killed Crazy Yiuf
  3974 | D:4      | Reached XP level 6. HP: 53/53 MP: 11/11
  4146 | D:4      | Slain by an iguana

Illustrated notes

Levels and vault maps discovered:
D:1:      spicycebolla_arrival_risky_transporter, layout_loops_ring
D:2:      layout_basic, shapermc_ecumenical_altar_notcrosses,
          wad_floor_pattern_untrapped, minmay_worlds_worst_comb,
          uniq_crazy_yiuf_cottage, uniq_robin
D:3:      layout_loops_ring, dk_vineyard_3, minmay_misc_feat_alley,
          fountainhead, minmay_misc_feat_x, roderic_roman_lattice
D:4:      wad_crossroads, layout_rooms, grunt_qazlal_sundering, st_stairs_1

Skill      XL: |  1  2  3  4  5 |
---------------+----------------+-----
Invocations    | 1 2 |  2.0
Short Blades   | 1 |  1.8
Long Blades    | 1 |  1.8
Maces & Flails | 1 |  1.8
Polearms       | 1 |  1.8
Staves         | 1 |  1.8
Ranged Weapons | 1 |  1.8
Throwing       | 1 |  1.8
Armour         | 1 |  1.8
Dodging        | 1 |  1.8
Stealth        | 1 |  1.8
Shields        | 1 |  1.8
Unarmed Combat | 1 |  1.8
Evocations     | 1 |  1.8
Spellcasting   | 3 |  3.3
Conjurations   | 1 |  1.4
Hexes          | 1 |  1.4
Summonings     | 1 |  1.4
Necromancy     | 1 |  1.4
Translocations | 1 |  1.4
Transmutations | 1 |  1.4
Ice Magic      | 1 |  1.4
Air Magic      | 1 |  1.4
Earth Magic    | 1 |  1.4
Poison Magic   | 1 |  1.4
Fighting       | |  6.8
Axes           | |  6.8
Fire Magic     | |  5.6

Action                   |  1- 3 |  4- 6 || total
-------------------------+-------+-------++-------
Melee: Hand axe          |    27 |       ||    27
       Bite              |     6 |     9 ||    15
       Dagger            |    33 |    55 ||    88
       Punch             |       |     1 ||     1
       Quarterstaff      |       |    55 ||    55
 Cast: Scorch            |     7 |    18 ||    25
Invok: Fiery Armour      |     1 |       ||     1
 Stab: Sleeping          |       |     5 ||     5
Armor: Robe              |     7 |       ||     7
       Ring mail         |     6 |    17 ||    23
       Animal skin       |       |    21 ||    21
Dodge: Dodged            |    23 |    46 ||    69
Block: Other             |     9 |    27 ||    36
